 Dungeon Crawl Stone Soup version 0.24.0-123-gd5b16e6ec5 (webtiles) character file.

Game seed: 5104491966943884882, levelgen mode: deterministic

399 Hasart the Insei (level 6, 0/46 HPs)
             Began as a Vampire Transmuter on Jan 14, 2020.
             Slain by a worker ant (5 damage)
             ... on level 3 of the Dungeon.
             The game lasted 00:07:18 (3442 turns).

Hasart the Insei (Vampire Transmuter)               Turns: 3442, Time: 00:07:19

Health: 0/46       AC:  5    Str: 10    XL:     6   Next: 54%
Magic:  9/9        EV: 14    Int: 16    God:
Gold:   166        SH:  0    Dex: 15    Spells: 8/9 levels left

rFire    + . .     SeeInvis +     - Unarmed
rCold    . . .     Gourm    .   (no shield)
rNeg     . . .     Faith    .   n - +0 robe {rF+}
rPois    .         Spirit   .   (no helmet)
rElec    .         Reflect  .   (no cloak)
rCorr    .         Harm     .   j - +1 pair of gloves
MR       .....                  k - +0 pair of boots (curse)
Stlth    +++.......             (no amulet)
HPRegen  0.35/turn              (no ring)
MPRegen  0.11/turn              (no ring)

@: lethally poisoned (0 -> -12), regenerating quickly
A: no food, fangs 3, see invisible, unbreathing
a: Exsanguinate


You were on level 3 of the Dungeon.
You were alive.

You visited 1 branch of the dungeon, and saw 4 of its levels.

You collected 166 gold pieces.

Inventory:

Missiles
 a - 75 arrows
Armour
 j - a +1 pair of gloves (worn)
 k - a cursed +0 pair of boots (worn)
 n - a +0 robe of fire resistance (worn)
Scrolls
 c - 2 scrolls of fog {unknown}
 e - 2 scrolls of enchant armour {unknown}
 f - a scroll of blinking {unknown}
 g - 3 scrolls of remove curse {unknown}
 h - a scroll of amnesia {unknown}
 m - 4 scrolls of identify {unknown}
 p - a scroll of magic mapping {unknown}
Potions
 b - a potion of lignification {unknown}
 d - 3 potions of brilliance {unknown}
 i - a potion of heal wounds {unknown}
 l - a potion of haste {unknown}
 o - a potion of agility {unknown}
 q - a potion of degeneration {unknown}
 r - a potion of ambrosia {unknown}


   Skills:
 + Level 2.5 Fighting
 + Level 3.6 Dodging
 + Level 3.9 Stealth
 * Level 5.5 Unarmed Combat
 - Level 2.0 Spellcasting
 + Level 3.6 Transmutations


You had 8 spell levels left.
You knew the following spells:

 Your Spells              Type           Power        Failure   Level  Hunger
a - Beastly Appendage     Tmut           ##....       4%          1    N/A

Your spell library contained the following spells:

 Spells                   Type           Power        Failure   Level  Hunger
 Sticks to Snakes         Tmut           ##......     7%          2    N/A
 Blink                    Tloc           N/A          30%         2    N/A
 Shroud of Golubria       Chrm/Tloc      #.....       30%         2    N/A
 Spider Form              Tmut/Pois      #.........   30%         3    N/A
 Gell's Gravitas          Tloc           #.........   52%         3    N/A
 Lesser Beckoning         Tloc           #.........   52%         3    N/A
 Teleport Other           Tloc           #.......     52%         3    N/A
 Ice Form                 Ice/Tmut       #.......     69%         4    N/A
 Blade Hands              Tmut           ##........   78%         5    N/A
 Passage of Golubria      Tloc           N/A          90%         4    N/A

Dungeon Overview and Level Annotations

Branches:
Dungeon (4/15)
 Temple: D:4-7

Altars:
Fedhas


Innate Abilities, Weirdness & Mutations

You do not eat.
Your natural rate of healing is unusually fast.
You have razor-sharp teeth.
You have supernaturally acute eyesight. (SInv)
You can survive without breathing.


Message History

You are too injured to fight recklessly!
You are too injured to fight recklessly!
You closely miss the orc wizard.
The orc wizard is almost dead.
You feel sick. The worker ant bites you.
The orc wizard hits you with a +0 dagger.
* * * LOW HITPOINT WARNING * * *
You barely miss the orc wizard.
The orc wizard is almost dead.
You feel sick. The worker ant misses you. The orc wizard closely misses you.
The worker ant bites you but does no damage.
You hit the orc wizard.
You kill the orc wizard!
You feel sick. The worker ant bites you.
* * * LOW HITPOINT WARNING * * *
You are lethally poisoned!
The worker ant poisons you!
* * * LOW HITPOINT WARNING * * *
You feel sick. The worker ant bites you.
You die...

#......# ## #.####.#
##. #.####.#######..
#######.#.............
#[......#.##.#######..
#.####.......# ##.
#.##......#### #.
#....>.#### ##.
#....@a# #>. ##.#.#.#
##. #.#.#)# ####### ##
#.#.#.###.....##
#.#.#.##.......#
#.....##.......# ###
###.####.......# #..
#..# #.......# ##.#
#.### #.#.###.# #...


You could see a worker ant.

Vanquished Creatures
  A water moccasin skeleton (D:4)
  An orc wizard (D:3)
  Jessica (D:2)
  An iguana (D:4)
  A centaur skeleton (D:4)
  2 worker ants (D:4)
  3 gnolls (D:3)
  7 adders
  An ooze (D:2)
  4 worms
  10 dart slugs
  2 leopard geckos
  2 orcs (D:3)
  A ball python (D:4)
  7 giant cockroaches
  7 goblins
  5 hobgoblins
  2 jackals (D:3)
  2 quokkas (D:4)
  5 bats
  3 frilled lizards
  5 kobolds
  6 rats
79 creatures vanquished.

Notes
Turn   | Place    | Note
-------+----------+-------------------------------------------
     0 | D:1      | Hasart the Vampire Transmuter began the quest for the Orb.
     0 | D:1      | Reached XP level 1. HP: 14/14 MP: 3/3
   297 | D:1      | Reached skill level 1 in Fighting
   339 | D:1      | Reached XP level 2. HP: 5/21 MP: 5/5
   915 | D:2      | Reached skill level 1 in Stealth
  1134 | D:2      | Reached XP level 3. HP: 23/26 MP: 6/6
  1349 | D:2      | Noticed Jessica
  1362 | D:2      | Killed Jessica
  1362 | D:2      | Reached skill level 4 in Unarmed Combat
  1453 | D:2      | Found a blossoming altar of Fedhas.
  1463 | D:2      | Reached XP level 4. HP: 32/32 MP: 7/7
  2255 | D:3      | Reached XP level 5. HP: 22/38 MP: 8/8
  2921 | D:4      | Reached skill level 5 in Unarmed Combat
  3164 | D:4      | Reached XP level 6. HP: 33/44 MP: 9/9
  3442 | D:3      | Slain by a worker ant

Levels and vault maps discovered:
D:1:      onia_arrival_pyramid, layout_basic, minmay_misc_feat_cross,
          minmay_tetromino_l2
D:2:      layout_loops_corners, nicolae_overflow_crystal_walls, first_ration,
          uniq_jessica
D:3:      kennysheep_slugbush, layout_loops_cross
D:4:      layout_loops_ring, serial_forest, infiniplex_forest_corner_1,
          infiniplex_forest_straight_4, infiniplex_forest_straight_5,
          infiniplex_forest_clump_diagonal, infiniplex_forest_side_room,
          infiniplex_forest_clump_long, infiniplex_forest_straight_5,
          st_stairs_6, guppyfry_early_orc_mine

Skill      XL: |  1  2  3  4  5 |
---------------+----------------+-----
Fighting       | 1 2 |  2.5
Stealth        | 1 2 3 |  3.9
Unarmed Combat | 4 5 |  5.5
Transmutations | 3 |  3.6
Dodging        | 3 |  3.6
Spellcasting   | |  2.0

Action                   |  1- 3 |  4- 6 || total
-------------------------+-------+-------++-------
Melee: Unarmed           |   107 |   254 ||   361
       Bite              |     6 |    29 ||    35
       Punch             |     2 |     5 ||     7
 Stab: Sleeping          |     2 |     3 ||     5
Armor: Robe              |    24 |    75 ||    99
Dodge: Dodged            |    54 |   167 ||   221
